 Dungeon Crawl Stone Soup version 0.30.0 (webtiles) character file.

Game seed: 4442099026716989255

34 porkupine the Stinger (level 3, 0/28 HPs)
             Began as a Naga Venom Mage on May 10, 2023.
             Was a Follower of Lugonu.
             Slain by a sleepcap (1 damage)
             ... on level 3 of the Dungeon.
             The game lasted 00:05:56 (2108 turns).

porkupine the Stinger (Naga Venom Mage)             Turns: 2108, Time: 00:05:57

Health: 0/28       AC:  2    Str: 10    XL:     3   Next: 31%
Magic:  2/6        EV: 10    Int: 17    God:    Lugonu [*.....]
Gold:   100        SH:  0    Dex: 11    Spells: 3/6 levels left

rFire   . . .        f - +0 dagger
rCold   . . .        (no shield)
rNeg    . . .        a - +0 robe
rPois   +            (no helmet)
rElec   .            (no cloak)
rCorr   .            (no gloves)
SInv    +            (no barding)
Will    .....        (no amulet)
Stlth   ++           (no ring)
HPRegen 0.24/turn    (no ring)
MPRegen 0.10/turn

%: no passive effects
@: hasted, quick
A: AC +1, large, see invisible, deformed body, poison resistance, slowness 2,
spit poison 1, naga tail 1
a: Spit Poison, Renounce Religion, Depart the Abyss


You were on level 3 of the Dungeon.
You worshipped Lugonu.
Lugonu was aware of your devotion.
You visited 1 branch of the dungeon, and saw 3 of its levels.

You collected 100 gold pieces.

Inventory:

Hand Weapons
 f - a +0 dagger (weapon)
Missiles
 k - 2 poisoned darts
 o - 6 javelins
Armour
 a - a +0 robe (worn)
Scrolls
 d - a scroll of fog {unknown}
 h - a scroll of amnesia {unknown}
 n - a scroll of teleportation {unknown}
 q - 2 scrolls of poison
Potions
 b - 2 potions of magic
 g - a potion of brilliance {unknown}
 i - a potion of mutation {unknown}
 j - a potion of attraction {unknown}
 l - a potion of curing {unknown}
 m - a potion of berserk rage {unknown}


   Skills:
 + Level 2.0 Dodging
 - Level 3.0 Stealth
 + Level 2.4 Spellcasting
 - Level 1.0 Transmutations
 + Level 4.5 Poison Magic
 + Level 1.3 Invocations


You had 3 spell levels left.
You knew the following spells:

 Your Spells              Type           Power      Damage    Failure   Level
a - Sting                 Tmut/Pois      44%        1d5       6%          1
b - Poisonous Vapours     Pois/Air       18%        N/A       11%         2

Your spell library contained the following spells:

 Spells                   Type           Power      Damage    Failure   Level
 Mephitic Cloud           Conj/Pois/Air  7%         N/A       30%         3
 Olgreb's Toxic Radiance  Pois           17%        N/A       28%         4


Dungeon Overview and Level Annotations

Branches:
Dungeon (3/15)

Altars:
Lugonu


Innate Abilities, Weirdness & Mutations

Your serpentine skin is tough. (AC +1)
You have supernaturally acute eyesight. (SInv)
Armour fits poorly on your strangely shaped body.
Your system is resistant to poisons. (rPois)
You cover ground very slowly.
You can spit poison.
You have a snake-like lower body.


Message History

Casting: Sting (safe; 6% risk of failure)
Confirm with . or Enter, or press ? or * to list all spells.
Aiming: Sting (safe; 6% risk of failure)
Press: ? - help, Shift-Dir - straight line, f/p - sleepcap
Aim: a sleepcap (lightly damaged, poisoned, 100% to hit)
The sting hits the sleepcap.
The sleepcap partially resists.
The sleepcap looks even sicker.
The sleepcap is lightly damaged.
The sleepcap releases spores at you.
You are engulfed in a cloud of soporific spores!
You fall asleep.
The sleepcap releases spores at you!!
You wake up.
Ouch! That really hurt!
* * * LOW HITPOINT WARNING * * *
You are engulfed in a cloud of soporific spores!
You are unaffected.
Casting: Sting (safe; 6% risk of failure)
Confirm with . or Enter, or press ? or * to list all spells.
Aiming: Sting (safe; 6% risk of failure)
Press: ? - help, Shift-Dir - straight line, f/p - sleepcap
Aim: a sleepcap (moderately damaged, very poisoned, 100% to hit)
The sting hits the sleepcap.
The sleepcap partially resists.
The sleepcap looks even sicker.
The sleepcap is moderately damaged.
The sleepcap misses you.
Casting: Sting (safe; 6% risk of failure)
Confirm with . or Enter, or press ? or * to list all spells.
Aiming: Sting (safe; 6% risk of failure)
Press: ? - help, Shift-Dir - straight line, f/p - sleepcap
Aim: a sleepcap (moderately damaged, very poisoned, 100% to hit)
The sting hits the sleepcap.
The sleepcap looks as sick as possible!
The sleepcap is moderately damaged.
You have got your breath back.
The sleepcap closely misses you.
You feel yourself speed up. The sleepcap releases spores at you.
* * * LOW HITPOINT WARNING * * *
The sleepcap attacks as you move away! The sleepcap releases spores at you.
* * * LOW HITPOINT WARNING * * *
The sleepcap attacks as you move away! The sleepcap releases spores at you.
You die...

#...# ##.## ## #.#
.. #.# # #. #.#
#.##. #.# #....
########>#
#..######........#
#..)...f@.########
.....!.########
.######


You could see a sleepcap (very poisoned).

Vanquished Creatures
  An adder (D:2)
  A worm (D:2)
  An endoplasm (D:1)
  A giant cockroach (D:2)
  2 goblins
  A hobgoblin (D:2)
  A kobold (D:3)
  A quokka (D:1)
  3 ball pythons
  3 bats
  3 frilled lizards
  6 rats (D:1)
24 creatures vanquished.

Notes
Turn   | Place    | Note
-------+----------+-------------------------------------------
     0 | D:1      | porkupine the Naga Venom Mage began the quest for the Orb.
     0 | D:1      | Reached XP level 1. HP: 15/15 MP: 3/3
    46 | D:1      | Found a faded altar of an unknown god.
    54 | D:1      | Prayed at the altar of an unknown god.
    54 | D:1      | Became a worshipper of Lugonu the Unformed
    54 | D:1      | Reached * piety under Lugonu
   337 | D:1      | Reached XP level 2. HP: 22/22 MP: 5/5
   573 | D:1      | Learned a level 2 spell: Poisonous Vapours
   871 | D:2      | Reached skill level 1 in Invocations
  1231 | D:2      | Reached XP level 3. HP: 28/28 MP: 1/6
  2107 | D:3      | HP: 1/28 [sleepcap (4)]
  2108 | D:3      | Slain by a sleepcap

Illustrated notes

Levels and vault maps discovered:
D:1:      psy_arrival_radial02, layout_basic, chequers_ecumenical_altar_simple,
          minmay_misc_feat_square, minmay_tall_x
D:2:      layout_loops_cross, kennysheep_boxes
D:3:      layout_loops_cross

Skill      XL: |  1  2 |
---------------+-------+-----
Invocations    | 1 |  1.3
Dodging        | 2 |  2.0
Stealth        | |  3.0
Spellcasting   | |  2.4
Transmutations | |  1.0
Poison Magic   | |  4.5

Action                     || total
---------------------------++-------
  Melee: Unarmed           ||     1
         Dagger            ||     8
         Punch             ||     1
   Cast: Poisonous Vapours ||    11
         Sting             ||    10
Ability: Spit Poison       ||    28
    Use: Scroll            ||     4
         Potion            ||     1
 Armour: Robe              ||     5
  Dodge: Dodged            ||     7
